 Dungeon Crawl Stone Soup version 0.31.0-32-g396128a36d (webtiles) character file.

Game seed: 11807968705907910346

15408 Baz the Fighter (level 12, -5/96 HPs)
             Began as a Djinni Fire Elementalist on Apr 10, 2024.
             Was a Priest of Makhleb.
             Slain by a wyvern (13 damage)
             ... on level 11 of the Dungeon.
             The game lasted 00:25:49 (12138 turns).

Baz the Fighter (Djinni Fire Elementalist)         Turns: 12138, Time: 00:25:50

Health: -5/96      AC: 10    Str:  7    XL:     12   Next: 57%
Gold:   606        EV: 19    Int: 23    God:    Makhleb [***...] SH:  0 Dex: 13

rFire   + + +        j - +4 spear
rCold   + . .        (no shield)
rNeg    . . .        K - +0 steam dragon scales
rPois   ∞            m - +1 helmet
rElec   +            b - scarf of Beatios {rC+ rF+, +Inv rElec}
rCorr   .            p - +0 pair of gloves
SInv    .            (boots unavailable)
Will    +....        (no amulet)
Stlth   ++           n - ring of protection from cold
HPRegen 0.36/turn    N - +5 ring of evasion
MPRegen 0.00/turn

%: infuse magic (-6 HP)
@: flying
A: sickness immunity, fire resistance 2, cold vulnerability 1, float, innate
caster, HP casting, extra vitality 1
a: Renounce Religion, Evoke Invisibility, Minor Destruction, Lesser Servant of
Makhleb


You were on level 11 of the Dungeon.
You worshipped Makhleb.
Makhleb was most pleased with you.
You visited 2 branches of the dungeon, and saw 12 of its levels.
You also visited: Sewer and Ossuary.

You collected 661 gold pieces.
You spent 55 gold pieces at shops.

Inventory:

Hand Weapons
 j - a +4 spear (weapon)
Armour
 a - a +0 robe
 b - the scarf of Beatios (worn) {rC+ rF+, +Inv rElec}
   (You acquired it on level 4 of the Dungeon)

   rElec:     It insulates you from electricity.
   +Inv:      It lets you turn invisible.
 m - a +1 helmet (worn)
 o - a +2 cloak
 p - a +0 pair of gloves (worn)
 K - +0 steam dragon scales (worn)
Jewellery
 e - a ring of positive energy
 n - a ring of protection from cold (left hand)
 x - a ring of see invisible
 N - a +5 ring of evasion (right hand)
Wands
 k - a wand of flame (11)
 l - a wand of roots (7)
 F - a wand of quicksilver (8)
 G - a wand of digging (7)
 I - a wand of mindburst (30)
 J - a wand of charming (10)
Scrolls
 d - 3 scrolls of enchant armour
 f - 2 scrolls of fog
 h - 3 scrolls of summoning {unknown}
 r - 2 scrolls of silence {unknown}
 t - 4 scrolls of teleportation
 u - 4 scrolls of immolation {unknown}
 v - a scroll of enchant weapon {unknown}
 y - a scroll of revelation
 z - 4 scrolls of blinking
 E - 2 scrolls of vulnerability {unknown}
 L - a scroll of fear {unknown}
 M - a scroll of poison
Potions
 c - 2 potions of invisibility
 g - 4 potions of lignification {unknown}
 i - 3 potions of degeneration {unknown}
 q - a potion of ambrosia {unknown}
 s - 6 potions of brilliance {unknown}
 w - a potion of magic {unknown}
 A - 4 potions of curing
 B - 2 potions of enlightenment {unknown}
 C - 5 potions of haste {unknown}
 D - 2 potions of resistance {unknown}
 H - 3 potions of mutation {unknown}
 O - a potion of attraction {unknown}


   Skills:
 * Level 12.9 Fighting
 + Level 6.7 Armour
 - Level 6.5 Dodging
 - Level 1.5 Stealth
 * Level 10.0 Spellcasting
 * Level 10.0 Conjurations
 * Level 10.0 Hexes
   Level 0.0 Charms
 * Level 10.0 Summonings
 * Level 10.0 Necromancy
 * Level 10.0 Translocations
   Level 0.0 Transmutations
 * Level 10.0 Fire Magic
 * Level 10.0 Ice Magic
 * Level 10.0 Air Magic
 * Level 10.0 Earth Magic
 * Level 10.0 Alchemy


You knew the following spells:

 Your Spells              Type           Power      Damage    Failure   Level
a - Foxfire               Conj/Fire      100%       2x1d9     1%          1
b - Scorch                Fire           100%       2d9       1%          2
c - Volatile Blastmotes   Fire/Tloc      100%       2d18      1%          3
d - Inner Flame           Hex/Fire       55%        N/A       1%          3
e - Flame Wave            Conj/Fire      55%        2d13      1%          4
f - Necrotise             Necr           100%       1d9       1%          1
g - Jinxbite              Hex            100%       N/A       1%          2
h - Momentum Strike       Conj/Tloc      100%       3d10      1%          2
i - Passage of Golubria   Tloc           55%        N/A       1%          4
j - Brom's Barrelling Bo  Conj/Erth      55%        2d7       1%          4
Your spell library was empty.

Dungeon Overview and Level Annotations

Branches:
Dungeon (11/15)            Temple (1/1) D:7            Lair (0/5) D:10
  Sewer (visited)         Ossuary (visited)
    Orc: D:9-12

Altars:
Ashenzari
Cheibriados
Dithmenos
Elyvilon
Fedhas
Gozag
Hepliaklqana
Makhleb
Nemelex Xobeh
Okawaru
Qazlal
Ru
Trog
Uskayaw
Wu Jian
Xom
Yredelemnul
Zin
The Shining One

Shops:
D:3 *

Annotations:
D:3 Sigmund
D:5 2 runed translucent doors, NikiYani's ghost, amateur FoFi
Temple 2 transporters


Innate Abilities, Weirdness & Mutations

You are immune to sickness and miasma.
You are immune to poison.
Your flesh is very heat resistant. (rF++)
You are vulnerable to cold. (rC-)
You float through the air rather than walking.
You learn spells naturally, not from books.
Your magical power is your life essence.
You have superior vitality. (+4 MHP)


Message History

A wave of flame ripples out!
The flame wave engulfs the troll!
The troll is almost dead. (Press . to intensify the flame waves.)
* * * LOW HITPOINT WARNING * * *
The troll closely misses you. The troll barely misses you.
The troll closely misses you. The wyvern completely misses you.
A wave of flame ripples out!
The flame wave engulfs the troll!
You kill the troll!
Makhleb accepts your kill.
The flame wave engulfs the wyvern!
The wyvern is moderately wounded.
The flame wave engulfs the orc priest!
You kill the orc priest!
Makhleb accepts your kill.
You feel better.
* * * LOW HITPOINT WARNING * * *
The wyvern barely misses you.
Your Spellcasting skill increases to level 10!
Your Conjurations skill increases to level 10!
Your Hexes skill increases to level 10!
Your Summonings skill increases to level 10!
Your Necromancy skill increases to level 10!
Your Translocations skill increases to level 10!
Your Fire Magic skill increases to level 10!
Your Ice Magic skill increases to level 10!
Your Air Magic skill increases to level 10!
Your Earth Magic skill increases to level 10!
Your Alchemy skill increases to level 10!
A wave of flame ripples out!
The flame wave engulfs the wyvern!
The wyvern is severely wounded.
The flame wave engulfs the kobold brigand!!
The kobold brigand is severely wounded.
* * * LOW HITPOINT WARNING * * *
You finish channelling waves of flame.
The wyvern bites you!
* * * LOW HITPOINT WARNING * * *
The wyvern completely misses you.
Unknown command.
Unknown command.
You feel better. The wyvern bites you!
You die...

###### #....##########
### #....#......@†####
....
##......######kKH.##..#
####......## ####.Y..#
...>.###### #.####
###.###### ##o###
.........# #.K..#
.........# #....#
.........#
................
.........#
.......!........


You could see a manticore, a yak, a wyvern and a kobold brigand.

Vanquished Creatures
  3 two-headed ogres
  Sonja (D:11)
  The ghost of Marvel the Covert, a novice OpSh of Dithmenos (D:7)
  A cyclops (D:11)
  2 ugly things
  Maurice (D:8)
  A manticore (D:11)
  A gargoyle (D:11)
  3 unseen horrors
  A komodo dragon (D:10)
  A kobold demonologist (D:11)
  Psyche (D:8)
  3 trolls
  3 hornets
  3 wyverns
  12 yaks
  A steam dragon (D:7)
  An acid dragon (D:10)
  4 orc warriors
  A black bear (D:6)
  An ogre (D:7)
  3 ice beasts
  7 centaurs
  2 phantoms
  6 kobold brigands
  5 bullfrogs
  2 gnoll sergeants (D:10)
  7 scorpions
  5 water moccasin zombies (Ossuary)
  8 wights
  A burial acolyte (Ossuary)
  12 killer bees
  8 orc priests
  A bombardier beetle (D:4)
  3 hounds
  3 jellies
  Crazy Yiuf (D:7)
  2 sleepcaps
  Terence (D:3)
  2 iguanas (D:6)
  4 orc wizards
  A bullfrog simulacrum (Ossuary)
  2 crocodile zombies (Ossuary)
  2 mummies (Ossuary)
  Robin (D:2)
  3 gnolls (D:6)
  19 adders
  2 white imps
  2 ufetubi (D:7)
  5 adder zombies (Ossuary)
  8 dart slugs
  A ribbon worm (D:2)
  36 orcs
  8 ball pythons
  3 bats
  12 endoplasms
  11 giant cockroaches
  11 gnoll zombies (Ossuary)
  11 goblins
  12 hobgoblins
  8 jackals (D:4)
  16 kobolds
  5 quokkas
  17 frilled lizards
  A jackal zombie (Ossuary)
  4 orc zombies (Ossuary)
  4 rats
334 creatures vanquished.

Vanquished Creatures (collateral kills)
  A goblin (D:2)
  7 boulders
8 creatures vanquished.

Vanquished Creatures (others)
  10 boulders
  1195 foxfires
1205 creatures vanquished.

Grand Total: 1547 creatures vanquished

Notes
Turn   | Place    | Note
-------+----------+-------------------------------------------
     0 | D:1      | Baz the Djinni Fire Elementalist began the quest for the
                  | Orb.
     0 | D:1      | Baz set off with the following spells memorised: Foxfire,
                  | Scorch, Volatile Blastmotes, Inner Flame, Flame Wave.
     0 | D:1      | Reached XP level 1. HP: 15/15 MP: 0/0
   279 | D:1      | Reached XP level 2. HP: 19/22 MP: 0/0
   461 | D:1      | Reached skill level 1 in Fighting
   697 | D:1      | Found a faded altar of an unknown god.
  1026 | D:2      | Reached XP level 3. HP: 24/27 MP: 0/0
  1026 | D:2      | Learned a level 1 spell: Necrotise
  1172 | D:2      | Noticed Robin
  1192 | D:2      | Reached XP level 4. HP: 25/33 MP: 0/0
  1193 | D:2      | Reached skill level 2 in Fighting
  1196 | D:2      | Killed Robin
  1680 | D:3      | Found a white marble altar of Elyvilon.
  2286 | D:3      | Found Jirus's General Store.
  2289 | D:3      | Bought a scroll of identify for 22 gold pieces
  2289 | D:3      | Bought a potion of curing for 33 gold pieces
  2335 | D:3      | Noticed Terence
  2344 | D:3      | Killed Terence
  2345 | D:3      | Reached XP level 5. HP: 28/39 MP: 0/0
  2345 | D:3      | Learned a level 2 spell: Jinxbite
  2556 | D:3      | Noticed Sigmund
  2582 | D:4      | Reached skill level 3 in Fighting
  2588 | D:4      | Found a glowing drain.
  2608 | Sewer    | Entered a sewer
  2624 | Sewer    | Reached XP level 6. HP: 29/46 MP: 0/0
  2968 | Sewer    | Reached skill level 4 in Fighting
  2970 | Sewer    | Reached XP level 7. HP: 31/53 MP: 0/0
  2970 | Sewer    | Learned a level 2 spell: Momentum Strike
  2999 | D:4      | Identified a scroll of acquirement
  2999 | D:4      | Acquired the scarf of Beatios {rC+ rF+, +Inv rElec}
  3100 | D:4      | Found a sand-covered staircase.
  3109 | Ossuary  | Entered an ossuary
  3385 | Ossuary  | Reached skill level 5 in Fighting
  3528 | Ossuary  | Reached skill level 5 in Spellcasting
  3528 | Ossuary  | Reached skill level 5 in Conjurations
  3528 | Ossuary  | Reached skill level 5 in Hexes
  3528 | Ossuary  | Reached skill level 5 in Summonings
  3528 | Ossuary  | Reached skill level 5 in Necromancy
  3528 | Ossuary  | Reached skill level 5 in Translocations
  3528 | Ossuary  | Reached skill level 5 in Fire Magic
  3528 | Ossuary  | Reached skill level 5 in Ice Magic
  3528 | Ossuary  | Reached skill level 5 in Air Magic
  3528 | Ossuary  | Reached skill level 5 in Earth Magic
  3528 | Ossuary  | Reached skill level 5 in Alchemy
  3528 | Ossuary  | Reached XP level 8. HP: 29/59 MP: 0/0
  3992 | D:4      | Reached skill level 5 in Dodging
  4004 | D:4      | Found a sacrificial altar of Ru.
  4059 | D:4      | Reached skill level 6 in Fighting
  4445 | D:5      | Entered Level 5 of the Dungeon
  4492 | D:5      | Found a runed translucent door.
  4586 | D:5      | Found a runed translucent door.
  4592 | D:5      | Noticed NikiYani's ghost (amateur FoFi)
  5394 | D:6      | Reached XP level 9. HP: 43/67 MP: 0/0
  5394 | D:6      | Learned a level 4 spell: Passage of Golubria
  5630 | D:6      | Found a broken altar of Ashenzari.
  5634 | D:6      | Reached skill level 7 in Fighting
  6415 | D:7      | Found a runed translucent door.
  6416 | D:7      | Noticed Crazy Yiuf
  6421 | D:7      | Killed Crazy Yiuf
  6463 | D:7      | Found a runed translucent door.
  6464 | D:7      | Noticed Marvel's ghost (novice OpSh)
  6507 | D:7      | Reached skill level 8 in Fighting
  6832 | D:7      | Reached XP level 10. HP: 72/77 MP: 0/0
  6916 | D:7      | Reached skill level 1 in Armour
  7071 | D:7      | Found a staircase to the Ecumenical Temple.
  7470 | Temple   | Found a transporter.
  7470 | Temple   | Found a transporter.
  7470 | Temple   | Found a transporter.
  7470 | Temple   | Found a transporter.
  7470 | Temple   | Entered the Ecumenical Temple
  7486 | Temple   | Became a worshipper of Makhleb the Destroyer
  7544 | D:7      | Killed Marvel's ghost
  7545 | D:7      | Reached skill level 9 in Fighting
  8077 | D:8      | Noticed Maurice
  8101 | D:8      | Something stole a +1 mace of holy wrath
  8102 | D:8      | Something stole 356 gold
  8105 | D:8      | Something stole 20 gold
  8107 | D:8      | HP: 3/79 [something (6)]
  8111 | D:8      | Killed Maurice
  8479 | D:8      | Reached skill level 10 in Fighting
  8483 | D:8      | Reached * piety under Makhleb
  8566 | D:8      | Noticed Psyche
  8572 | D:8      | Killed Psyche
  9045 | D:9      | Reached XP level 11. HP: 79/85 MP: 0/0
  9045 | D:9      | Learned a level 4 spell: Brom's Barrelling Boulder
 10138 | D:10     | Entered Level 10 of the Dungeon
 10256 | D:10     | Noticed a two-headed ogre
 10284 | D:10     | Killed a two-headed ogre
 10284 | D:10     | Reached ** piety under Makhleb
 10285 | D:10     | Reached skill level 11 in Fighting
 10299 | D:10     | Noticed a two-headed ogre
 10306 | D:10     | Noticed a white ugly thing
 10406 | D:10     | Reached skill level 5 in Armour
 10617 | D:10     | Killed a white ugly thing
 10895 | D:10     | Killed a two-headed ogre
 11219 | D:10     | Found a staircase to the Lair.
 11588 | D:10     | Reached skill level 12 in Fighting
 11588 | D:10     | Reached XP level 12. HP: 89/95 MP: 0/0
 11693 | D:11     | Noticed Sonja
 11702 | D:11     | Killed Sonja
 12028 | D:11     | Reached *** piety under Makhleb
 12102 | D:11     | Noticed a two-headed ogre
 12118 | D:11     | Killed a two-headed ogre
 12137 | D:11     | Reached skill level 10 in Spellcasting
 12137 | D:11     | Reached skill level 10 in Conjurations
 12137 | D:11     | Reached skill level 10 in Hexes
 12137 | D:11     | Reached skill level 10 in Summonings
 12137 | D:11     | Reached skill level 10 in Necromancy
 12137 | D:11     | Reached skill level 10 in Translocations
 12137 | D:11     | Reached skill level 10 in Fire Magic
 12137 | D:11     | Reached skill level 10 in Ice Magic
 12137 | D:11     | Reached skill level 10 in Air Magic
 12137 | D:11     | Reached skill level 10 in Earth Magic
 12137 | D:11     | Reached skill level 10 in Alchemy
 12137 | D:11     | HP: 1/96 [wyvern (11)]
 12138 | D:11     | Slain by a wyvern

Illustrated notes

Levels and vault maps discovered:
D:1:      saegor_arrival_simple_e, layout_loops_corners,
          ebering_ecumenical_altar_rust
D:2:      layout_rooms, uniq_robin
D:3:      layout_loops_corners, old_standard_altar, serial_shops,
          nicolae_shop_real_fake_doors, kennysheep_generic_room_7, uniq_sigmund,
          uniq_terence
D:4:      nicolae_BIG_FREAKIN_CUBE, layout_gridville,
          mainiacjoe_overflow_tiny_flanked, enter_ossuary_2,
          gup_sewer_entry_glass
D:5:      layout_loops_ring, gammafunk_temple_overflow_statue,
          ebering_ghost_sewer_f
D:6:      layout_basic, nicolae_ashenzari_skybound, minivault_25
D:7:      layout_loops_ring, minmay_temple_entry_waves, gammafunk_ghost_grave,
          serial_glass, glass_columns_a, glass_columns_c, glass_columns_b,
          glass_columns_a, uniq_crazy_yiuf_cottage
D:8:      layout_basic, reono_crystal_passage, uniq_psyche, uniq_maurice
D:9:      layout_stronghold
D:10:     minmay_clustersquares, layout_irregular_city, david_lair_shrubbed
D:11:     minmay_four_partial_circles, layout_basic, uniq_sonja
Temple:   hellmonk_temple_divided_pantheon

Skill      XL: |  1  2  3  4  5  6  7  8  9 10 11 12 |
---------------+-------------------------------------+-----
Fighting       | 1 2 3 4 5 6 8 10 12 | 12.9
Dodging        | 3 4 5 6 |  6.5
Spellcasting   | 4 5 6 8 9 10 | 10.0
Conjurations   | 4 5 6 8 9 10 | 10.0
Hexes          | 4 5 6 8 9 10 | 10.0
Summonings     | 4 5 6 8 9 10 | 10.0
Necromancy     | 4 5 6 8 9 10 | 10.0
Translocations | 4 5 6 8 9 10 | 10.0
Fire Magic     | 4 5 6 8 9 10 | 10.0
Ice Magic      | 4 5 6 8 9 10 | 10.0
Air Magic      | 4 5 6 8 9 10 | 10.0
Earth Magic    | 4 5 6 8 9 10 | 10.0
Alchemy        | 4 5 6 8 9 10 | 10.0
Armour         | 3 5 6 |  6.7
Stealth        | |  1.5

Action                     |  1- 3 |  4- 6 |  7- 9 | 10-12 || total
---------------------------+-------+-------+-------+-------++-------
  Melee: Spear             |       |       |       |     3 ||     3
   Cast: Foxfire           |    80 |   175 |   234 |   215 ||   704
         Scorch            |     2 |     7 |    51 |    48 ||   108
         Necrotise         |     1 |       |       |       ||     1
         Flame Wave        |       |     2 |    16 |    43 ||    61
         Brom's Barrelling |       |       |       |    26 ||    26
    Use: Scroll            |       |     3 |     5 |       ||     8
         Potion            |       |       |     1 |     4 ||     5
 Armour: Robe              |     5 |    13 |    70 |    27 ||   115
         Steam dragon scal |       |       |       |    75 ||    75
  Dodge: Dodged            |     8 |    21 |    70 |    93 ||   192
